 Dungeon Crawl Stone Soup version 0.20.0-4-g10b340a (webtiles) character file.

10581 Gargoyl the Protected (level 11, -4/92 HPs)
             Began as a Ghoul Abyssal Knight on May 28, 2017.
             Was an Elder of Lugonu.
             Slain by a catoblepas (24 damage)
             ... on level 1 of the Lair of Beasts.
             The game lasted 00:26:07 (12042 turns).

Gargoyl the Protected (Ghoul Abyssal Knight)       Turns: 12042, Time: 00:26:07

Health: -4/92      AC: 16    Str: 17    XL:     11   Next: 64%
Magic:  16/16      EV: 11    Int:  7    God:    Lugonu [****..]
Gold:   398        SH:  9    Dex: 11    Spells: 10/10 levels left

rFire    . . .     SeeInvis .   H - +11 trident of Sixzol {flame, rN+}
rCold    + . .     Gourm    .   s - +0 shield
rNeg     + + +     Faith    .   d - +0 chain mail
rPois    ∞         Spirit   .   g - +0 helmet
rElec    .         Reflect  .   (no cloak)
rCorr    .         Harm     .   h - +1 pair of gloves
MR       +....                  F - +0 pair of boots
Stlth    ..........             (no amulet)
Regen    0.0/turn               q - ring of protection from magic
MPRegen  0.2/turn               n - +5 ring of evasion

@: rotting
A: rotting body, claws 1, carnivore 3, cold resistance 1, negative energy
resistance 3, inhibited regeneration, torment resistance, unbreathing
a: Depart the Abyss, Bend Space, Banish, Corrupt, Renounce Religion


You were on level 1 of the Lair of Beasts.
You worshipped Lugonu.
Lugonu was greatly pleased with you.
You were not hungry.

You visited 2 branches of the dungeon, and saw 11 of its levels.
You visited the Abyss 1 time.

You collected 698 gold pieces.
You spent 300 gold pieces at shops.

Inventory:

Hand Weapons
 a - a +2 hand axe
 e - a +0 war axe
 u - a +2 hand axe of freezing
 H - the +11 trident of Sixzol (weapon) {flame, rN+}
   (You found it on level 8 of the Dungeon)

   It has been specially enchanted to burn those struck by it, causing extra
   injury to most foes and up to half again as much damage against particularly
   susceptible opponents.
   It protects you from negative energy.
Missiles
 k - 8 javelins (quivered)
Armour
 d - a +0 chain mail (worn)
 g - a +0 helmet (worn)
 h - a +1 pair of gloves (worn)
 s - a +0 shield (worn)
 F - a +0 pair of boots (worn)
Jewellery
 n - a +5 ring of evasion (right hand)
 q - a ring of protection from magic (left hand)
Wands
 r - a wand of confusion (17/48)
 y - a wand of lightning (9/15)
 B - a wand of confusion (25/48)
 G - a wand of digging (10/24)
 I - a wand of confusion (27/48)
 N - a wand of flame (24/48)
Scrolls
 b - 3 scrolls of remove curse
 p - a scroll of fear
 t - 4 scrolls of enchant armour
 v - 3 scrolls of identify
 w - 2 scrolls of magic mapping
 A - 5 scrolls of teleportation
 E - 2 scrolls of silence
 J - 2 scrolls of blinking
 L - 2 scrolls of recharging
Potions
 f - 4 potions of heal wounds
 i - a potion of might {unknown}
 l - 2 potions of brilliance {unknown}
 m - 3 potions of flight {unknown}
 o - a potion of berserk rage {unknown}
 x - 2 potions of agility {unknown}
 z - 5 potions of curing
 C - a potion of lignification {unknown}
 M - a potion of haste
Comestibles
 c - 8 meat rations
 j - 6 royal jellies


   Skills:
 + Level 7.5 Fighting
 + Level 7.8(8.4) Axes
 + Level 4.5(6.8) Polearms
 + Level 0.5 Throwing
 * Level 9.0 Armour
 + Level 3.0 Dodging
 + Level 4.7 Shields
 * Level 8.9 Invocations


You had 10 spell levels left.
You didn't know any spells.

Dungeon Overview and Level Annotations

Branches:
Dungeon (10/15)            Temple (0/1) D:4            Lair (1/6) D:9
    Orc (0/2) D:10

Altars:
Ashenzari
Fedhas
Gozag
Kikubaaqudgha
Nemelex Xobeh
Uskayaw
Xom
Zin
The Shining One

Shops:
D:9 !


Innate Abilities, Weirdness & Mutations

Your body is rotting away.
You thrive on raw meat.
You are immune to poison.
You have sharp fingernails.
You are carnivorous and can eat meat at any time.
Your flesh is cold resistant. (rC+)
You are immune to negative energy. (rN+++)
You do not regenerate when monsters are visible.
You are immune to unholy pain and torment.
You can survive without breathing.


Message History

The blast of calcifying dust hits you! The catoblepas gores you!
* * * LOW HITPOINT WARNING * * *
You feel much better. The catoblepas closely misses you.
You hit the catoblepas but do no damage.
The catoblepas is severely wounded.
The catoblepas breathes a plume of calcifying dust at you.
The blast of calcifying dust hits you! The catoblepas gores you!
* * * LOW HITPOINT WARNING * * *
You feel much better.
You hear the slow rumble of an avalanche of rocks.
The catoblepas gores you!
* * * LOW HITPOINT WARNING * * *
You hit the catoblepas but do no damage.
The catoblepas is severely wounded.
The catoblepas gores you!!
* * * LOW HITPOINT WARNING * * *
You feel much better. The catoblepas gores you!!
You die...

,,,,,* **,,,*******,,,,,,,,,,
,,,,,* ##...........,,,,,,,,,
**,,,* *.............,,,,,,,,
*,,,****####............,,,,,,,,
**,,,,,,,................,*,,,,,,
*,,,,,,,,................,***,,,,
**,,,,,,,.......(........,***,,,,
*,,,,**,**#....(........,,**,,,,
*,,,,**** *#...@........,,*,,,,,
**,,,** *** #...Y§§§§§§..,***,,,,
,,,,,* **,**##.............**,,,*
,,,*****,,,**###..........#**,,,*
,****,,,,,,,,* #..........##,,,,*
,***,,,,,,,,,**##..........#*,,,*
,,,,,,,,,,,,,∩* #.........#**,,,*
***,,,,,,,,,,**##.........# #...#
****,,,,,,,** #..........# #....


You could see a catoblepas.

Vanquished Creatures
  3 two-headed ogres (D:10)
  Pikel (D:4)
  A black mamba (Lair:1)
  The ghost of Sanvar the Placeless Naga, a novice NaWr of Cheibriados (D:5)
  A spiny frog (Lair:1)
  A hornet (D:9)
  A hippogriff (D:9)
  A yak (D:9)
  Sigmund (D:6)
  A porcupine (Lair:1)
  A black bear (D:9)
  6 ice beasts
  5 phantoms
  2 sky beasts (D:9)
  A necrophage (D:10)
  5 ogres
  5 centaurs
  3 crocodiles
  A big kobold (D:7)
  5 bullfrogs
  2 gnoll sergeants
  A scorpion (D:6)
  7 killer bees (D:10)
  9 wights
  2 howler monkeys
  A centaur zombie (D:5)
  10 crimson imps
  2 bullfrog zombies
  3 hounds
  2 jellies
  An orc priest (D:4)
  3 orc wizards
  4 bullfrog skeletons
  4 iguanas
  8 worker ants
  3 hound skeletons
  15 gnolls
  10 adders
  4 shadow imps
  2 oozes (D:4)
  An adder skeleton (D:4)
  2 worms
  3 dart slugs
  9 leopard geckos
  21 orcs
  7 bats
  7 giant cockroaches
  5 goblins
  2 hobgoblins
  8 jackals
  6 quokkas
  2 frilled lizards
  3 jackal skeletons
  6 kobolds
  A leopard gecko skeleton (D:5)
  A leopard gecko zombie (D:9)
  2 quokka zombies
  4 rats
229 creatures vanquished.

Vanquished Creatures (others)
  2 two-headed ogres (D:8)
  A gargoyle (D:10)
  2 vampires
  2 slaves (D:4)
  An orc wizard (D:4)
  A hound zombie (D:5)
  A gnoll (D:4)
  A howler monkey skeleton (D:5)
  A worm (D:4)
  A leopard gecko (D:4)
  4 orcs (D:4)
  3 plants (D:10)
20 creatures vanquished.

Grand Total: 249 creatures vanquished

Notes
Turn   | Place    | Note
-------+----------+-------------------------------------------
     0 | Abyss:1  | Gargoyl the Ghoul Abyssal Knight began the quest for the Orb.
     0 | Abyss:1  | Reached XP level 1. HP: 19/19 MP: 1/1
    21 | Abyss:2  | Noticed a spatial maelstrom
    29 | Abyss:2  | Noticed a spatial vortex
    75 | Abyss:2  | Noticed an orange demon
    76 | Abyss:2  | Noticed a starcursed mass
    92 | Abyss:2  | Noticed a neqoxec
    94 | D:1      | Escaped the Abyss
   422 | D:1      | Reached skill level 2 in Armour
   425 | D:1      | Reached XP level 2. HP: 6/26 MP: 2/2
   755 | D:1      | Reached skill level 1 in Dodging
  1050 | D:1      | Reached * piety under Lugonu
  1159 | D:1      | Reached XP level 3. HP: 23/33 MP: 3/3
  1733 | D:2      | Reached XP level 4. HP: 35/40 MP: 4/4
  2570 | D:3      | Reached XP level 5. HP: 44/46 MP: 4/6
  2610 | D:3      | Reached skill level 3 in Armour
  2630 | D:3      | Reached XP level 6. HP: 39/52 MP: 7/7
  2644 | D:3      | Noticed an angel
  2645 | D:3      | Found a glowing silver altar of Zin.
  2674 | D:3      | Found a blossoming altar of Fedhas.
  3139 | D:3      | Reached ** piety under Lugonu
  3358 | D:4      | Noticed a slave
  3358 | D:4      | Noticed a slave
  3358 | D:4      | Noticed a slave
  3358 | D:4      | Noticed a slave
  3359 | D:4      | Noticed Pikel
  3384 | D:4      | Killed Pikel
  3384 | D:4      | Reached skill level 4 in Armour
  3384 | D:4      | Reached XP level 7. HP: 30/60 MP: 7/9
  3597 | D:3      | Reached skill level 5 in Axes
  3672 | D:4      | Found an ancient bone altar of Kikubaaqudgha.
  3700 | D:4      | Found a staircase to the Ecumenical Temple.
  4181 | D:4      | Reached XP level 8. HP: 26/67 MP: 10/10
  4612 | D:5      | Entered Level 5 of the Dungeon
  4612 | D:5      | Noticed Sanvar's ghost (novice NaWr)
  4789 | D:5      | Reached skill level 1 in Shields
  4847 | D:5      | Reached skill level 5 in Fighting
  5069 | D:5      | Found a shimmering altar of Xom.
  5152 | D:5      | Found an opulent altar of Gozag.
  5563 | D:5      | Killed Sanvar's ghost
  5563 | D:5      | Reached skill level 5 in Armour
  5563 | D:5      | Reached skill level 5 in Invocations
  5963 | D:6      | Noticed Sigmund
  5975 | D:5      | Reached XP level 9. HP: 23/74 MP: 10/12
  6360 | D:6      | Killed Sigmund
  6361 | D:6      | Found a shattered altar of Ashenzari.
  6407 | D:6      | Found a hide-covered altar of Uskayaw.
  6586 | D:6      | Reached skill level 6 in Armour
  6979 | D:6      | Reached *** piety under Lugonu
  8567 | D:7      | Reached XP level 10. HP: 58/84 MP: 14/14
  8789 | D:7      | Reached skill level 7 in Armour
  8881 | D:8      | Found a sparkling altar of Nemelex Xobeh.
  9162 | D:8      | Noticed a two-headed ogre
  9170 | D:8      | Banished a two-headed ogre
  9580 | D:8      | Noticed a two-headed ogre
  9588 | D:8      | Banished a two-headed ogre
  9939 | D:8      | Got a twisted trident
  9942 | D:8      | Identified the +11 trident of Sixzol {flame, rN+} (You found it on level 8 of the Dungeon)
 10113 | D:9      | Found a staircase to the Lair.
 10210 | D:9      | Reached skill level 1 in Polearms
 10323 | D:9      | Reached skill level 8 in Armour
 10331 | D:9      | Found a glowing golden altar of the Shining One.
 10362 | D:9      | Reached **** piety under Lugonu
 10487 | D:9      | Reached XP level 11. HP: 86/92 MP: 16/16
 10531 | D:9      | Found Ysmurias's Distillery.
 10542 | D:9      | Bought a potion of heal wounds for 60 gold pieces
 10542 | D:9      | Bought 2 potions of heal wounds for 120 gold pieces
 10542 | D:9      | Bought a potion of haste for 120 gold pieces
 10799 | D:10     | Entered Level 10 of the Dungeon
 10993 | D:10     | Found a staircase to the Orcish Mines.
 11045 | D:10     | Noticed a two-headed ogre
 11054 | D:10     | Killed a two-headed ogre
 11529 | D:10     | Noticed a two-headed ogre
 11649 | D:10     | Killed a two-headed ogre
 11888 | D:10     | Noticed a two-headed ogre
 11897 | D:10     | Killed a two-headed ogre
 11938 | Lair:1   | Entered Level 1 of the Lair of Beasts
 11994 | Lair:1   | Reached skill level 9 in Armour
 12025 | Lair:1   | Noticed a catoblepas
 12041 | Lair:1   | HP: 2/92 [catoblepas (24)]
 12042 | Lair:1   | Slain by a catoblepas

Skill      XL: |  1  2  3  4  5  6  7  8  9 10 11 |
---------------+----------------------------------+-----
Armour         | 2 3 4 5 6 8 9 |  9.0
Dodging        | 1 2 3 |  3.0
Axes           | 2 3 4 5 6 7 |  7.8
Fighting       | 4 5 6 7 |  7.5
Invocations    | 3 4 5 6 8 |  8.9
Shields        | 1 2 4 |  4.7
Polearms       | 2 4 |  4.5
Throwing       | |  0.5

Action                   |  1- 3 |  4- 6 |  7- 9 | 10-12 || total
-------------------------+-------+-------+-------+-------++-------
Melee: Hand axe          |    96 |    13 |   423 |    88 ||   620
       War axe           |       |   162 |   159 |       ||   321
       Trident           |       |       |       |   246 ||   246
Throw: Javelin           |       |       |       |     7 ||     7
Invok: Depart the Abyss  |     1 |       |       |       ||     1
       Banish            |       |       |       |     6 ||     6
  Use: Scroll            |     1 |    11 |     4 |     2 ||    18
       Potion            |     1 |       |     6 |     4 ||    11
  Eat: Chunk             |     7 |    23 |    39 |    46 ||   115
Armor: Chain mail        |   127 |   136 |   291 |   146 ||   700
Dodge: Dodged            |    50 |    64 |   187 |   155 ||   456
Block: Shield            |       |    20 |   197 |   157 ||   374
